 Dungeon Crawl Stone Soup version 0.24.0-37-gcf1ca852f1 (webtiles) character file.

Game seed: 653745501983149675, levelgen mode: deterministic

95 NochnoyZador the Firebug (level 4, -1/24 HPs)
             Began as a Gargoyle Fire Elementalist on Nov 24, 2019.
             Killed from afar by Natasha (8 damage)
             ... with a magic dart
             ... on level 2 of the Dungeon.
             The game lasted 00:10:31 (1778 turns).

NochnoyZador the Firebug (GrFE)                     Turns: 1778, Time: 00:10:32

Health: -1/24      AC:  6    Str: 11    XL:     4   Next: 65%
Magic:  4/8        EV: 12    Int: 17    God:
Gold:   21         SH:  0    Dex: 10    Spells: 7/8 levels left

rFire    . . .     SeeInvis .   h - +0 whip
rCold    . . .     Gourm    .   (no shield)
rNeg     + . .     Faith    +   a - +0 robe
rPois    ∞         Spirit   .   (no helmet)
rElec    +         Reflect  .   (no cloak)
rCorr    .         Harm     .   m - +0 pair of gloves
MR       .....                  (no boots)
Stlth    ++........             f - amulet of faith
HPRegen  0.08/turn              (no ring)
MPRegen  0.11/turn              (no ring)

@: no status effects
A: negative energy resistance 1, electricity resistance, unbreathing,
petrification resistance, rot immunity, AC +3
a: no special abilities


You were on level 2 of the Dungeon.
You were not hungry.

You visited 1 branch of the dungeon, and saw 2 of its levels.

You collected 21 gold pieces.

Inventory:

Hand Weapons
 h - a +0 whip (weapon)
Missiles
 d - 9 stones (quivered)
Armour
 a - a +0 robe (worn)
 m - a +0 pair of gloves (worn)
Jewellery
 f - an amulet of faith (around neck)
Scrolls
 b - a scroll of magic mapping {unknown}
 e - 2 scrolls of identify {unknown}
 g - a scroll of blinking {unknown}
 i - a scroll of random uselessness {unknown}
Potions
 j - a potion of flight {unknown}
 l - a potion of ambrosia {unknown}
Comestibles
 c - 2 rations
 k - 7 chunks of flesh


   Skills:
 - Level 2.0 Dodging
 - Level 2.1 Stealth
 + Level 2.9 Spellcasting
 + Level 2.2 Conjurations
 + Level 3.9 Fire Magic


You had 7 spell levels left.
You knew the following spells:

 Your Spells              Type           Power        Failure   Level  Hunger
a - Flame Tongue          Conj/Fire      ##...        4%          1    None

Your spell library contained the following spells:

 Spells                   Type           Power        Failure   Level  Hunger
 Throw Flame              Conj/Fire      ##....       8%          2    ##.....
 Conjure Flame            Conj/Fire      ##......     16%         3    ###....
 Inner Flame              Hex/Fire       #.......     24%         3    ###....
 Sticky Flame             Conj/Fire      ##......     45%         4    ####...
 Fireball                 Conj/Fire      ##........   80%         5    ######.


Dungeon Overview and Level Annotations

Branches:
Dungeon (2/15)

Altars:

Annotations:
D:2 Natasha


Innate Abilities, Weirdness & Mutations

You are resistant to torment.
Your stone body is resilient. (AC +3)
You are immune to poison.
You resist negative energy. (rN+)
You are resistant to electric shocks. (rElec)
You can survive without breathing.
You are immune to petrification.
You are immune to rotting.


Message History

The magic dart hits you.
Casting: Flame Tongue (safe; 4% risk of failure)
Confirm with . or Enter, or press ? or * to list all spells.
Aiming: Flame Tongue (safe; 4% risk of failure)
Press: ? - help, Shift-Dir - straight line, f/p - Natasha
Aim: Natasha (moderately wounded)
The flame tongue hits Natasha.
Natasha is severely wounded.
Natasha casts a spell at you. The magic dart hits you.
* * * LOW HITPOINT WARNING * * *
Casting: Flame Tongue (safe; 4% risk of failure)
Confirm with . or Enter, or press ? or * to list all spells.
Aiming: Flame Tongue (safe; 4% risk of failure)
Press: ? - help, Shift-Dir - straight line, f/p - Natasha
Aim: Natasha (severely wounded)
The flame tongue misses Natasha.
Natasha casts a spell at you. The magic dart hits you!
You die...

#.......(.. ...# #..........
...# #..$....... ..#
#.......... ..# #####....h.....
#.# #.............. #.#
#..............
#.####..............
####.#######..@######..........
...............h....÷......)...
#.######.#####'#############...
..........#................#.#.
..######..#.....##########.#.#.
#..#........# #.#.#.
#####..#........# #.#...
##+###......#........# #.###÷
.....#......#........#######.#
#.


You could see Natasha.

Vanquished Creatures
  Natasha (D:2)
  Terence (D:2)
  A dart slug (D:1)
  2 leopard geckos
  A giant cockroach (D:1)
  9 goblins
  4 hobgoblins
  A quokka (D:2)
  2 ball pythons (D:1)
  5 bats
  7 frilled lizards
  4 kobolds (D:1)
  2 rats (D:1)
40 creatures vanquished.

Notes
Turn   | Place    | Note
-------+----------+-------------------------------------------
     0 | D:1      | NochnoyZador the Gargoyle Fire Elementalist began the quest
                  | for the Orb.
     0 | D:1      | Reached XP level 1. HP: 10/10 MP: 3/3
    80 | D:1      | Reached XP level 2. HP: 3/15 MP: 1/5
   627 | D:1      | Reached XP level 3. HP: 17/19 MP: 1/6
  1203 | D:2      | Noticed Terence
  1343 | D:2      | Killed Terence
  1343 | D:2      | Reached XP level 4. HP: 3/24 MP: 3/8
  1651 | D:2      | Noticed Natasha
  1721 | D:2      | Killed Natasha
  1769 | D:2      | Noticed Natasha
  1778 | D:2      | Killed from afar by Natasha

Levels and vault maps discovered:
D:1:      dpeg_arrival_fog, layout_loops_ring, due_unseen_surprise
D:2:      layout_basic, marbit_many_paths, kennysheep_flooded_box, uniq_terence,
          uniq_natasha

Skill      XL: |  1  2  3  4 |
---------------+-------------+-----
Dodging        | 2 |  2.0
Conjurations   | 2 |  2.2
Stealth        | |  2.1
Spellcasting   | |  2.9
Fire Magic     | |  3.9

Action                   |  1- 3 |  4- 6 || total
-------------------------+-------+-------++-------
Melee: Club              |    13 |       ||    13
       Whip              |    45 |     2 ||    47
 Cast: Flame Tongue      |    44 |    15 ||    59
 Stab: Sleeping          |     3 |       ||     3
       Distracted        |     1 |       ||     1
  Eat: Chunk             |     2 |     1 ||     3
Armor: Robe              |    22 |     2 ||    24
Dodge: Dodged            |    57 |     9 ||    66
